 Dungeon Crawl Stone Soup version 0.30-a0-310-g7d6cbdfea6 (webtiles) character file.

Game seed: 17973785114898692563

4 hikkokomori the Caller (level 1, -1/14 HPs)
             Began as a Demigod Summoner on Oct 25, 2022.
             Slain by a quokka (5 damage)
             ... on level 1 of the Dungeon.
             The game lasted 00:00:58 (202 turns).

hikkokomori the Caller (Demigod Summoner)            Turns: 202, Time: 00:00:59

Health: -1/14      AC:  2    Str:  9    XL:     1   Next: 46%
Magic:  3/5        EV: 12    Int: 17    God:
Gold:   0          SH:  0    Dex: 14    Spells: 2/3 levels left

rFire   . . .      SeeInvis .    f - +0 short sword
rCold   . . .      Faith    .    (no shield)
rNeg    . . .      Spirit   .    a - +0 robe
rPois   .          Reflect  .    (no helmet)
rElec   .          Harm     .    (no cloak)
rCorr   .          Rampage  .    (no gloves)
Will    .....                    (no boots)
Stlth   ++........               (no amulet)
HPRegen 0.22/turn                (no ring)
MPRegen 0.09/turn                (no ring)

@: no status effects
A: high MP 1, forlorn, divine attributes
a: no special abilities


You were on level 1 of the Dungeon.
You visited 1 branch of the dungeon, and saw 1 of its levels.

Inventory:

Hand Weapons
 f - a +0 short sword (weapon)
Missiles
 e - 2 poisoned darts
Armour
 a - a +0 robe (worn)
Potions
 b - a potion of magic
 c - a potion of brilliance {unknown}
 d - a potion of attraction {unknown}
 g - a potion of flight {unknown}
 h - a potion of berserk rage {unknown}


   Skills:
 - Level 1.7 Dodging
 - Level 1.7 Stealth
 - Level 1.7 Spellcasting
 + Level 3.8 Summonings


You had 2 spell levels left.
You knew the following spells:

 Your Spells              Type           Power      Damage    Failure   Level
a - Summon Small Mammal   Summ           56%        N/A       4%          1

Your spell library contained the following spells:

 Spells                   Type           Power      Damage    Failure   Level
 Call Imp                 Summ           14%        N/A       6%          2
 Call Canine Familiar     Summ           14%        N/A       12%         3
 Summon Guardian Golem    Hex/Summ       8%         N/A       26%         3
 Summon Lightning Spire   Summ/Air       8%         N/A       65%         4


Dungeon Overview and Level Annotations

Branches:
Dungeon (1/15)


Innate Abilities, Weirdness & Mutations

You have an increased reservoir of magic. (+10% MP)
You shall have no god before yourself.
Your divine heritage dramatically boosts your attributes as you level up.


Message History

You are too injured to fight recklessly!
You are too injured to fight recklessly!
You are too injured to fight recklessly!
You are too injured to fight recklessly!
You are too injured to fight recklessly!
You are too injured to fight recklessly!
You are too injured to fight recklessly!
You are too injured to fight recklessly!
You are too injured to fight recklessly!
You are too injured to fight recklessly!
Unknown command.
Casting: Summon Small Mammal (safe; 4% risk of failure)
Confirm with . or Enter, or press ? or * to list all spells.
The bat barely misses you. The quokka misses you.
Your bat closely misses the quokka.
The bat misses you.
The quokka bites you but does no damage.
The bat attacks as you move away! The bat closely misses you. The bat hits you.
Your bat closely misses the quokka.
Casting: Summon Small Mammal (safe; 4% risk of failure)
Confirm with . or Enter, or press ? or * to list all spells.
The bat completely misses your bat.
Your bat misses the quokka. The bat hits your bat.
Your bat closely misses the bat.
The bat closely misses your bat.
The quokka bites you but does no damage.
Your bat misses the bat. You closely miss the quokka.
The quokka is heavily wounded.
The bat barely misses your bat.
Your bat hits the quokka but does no damage.
Your bat barely misses the quokka.
The bat closely misses your bat.
Your bat hits the bat. The quokka bites you.
* * * LOW HITPOINT WARNING * * *
The bat hits your bat but does no damage.
Your bat closely misses the bat.
You barely miss the quokka.
The quokka is heavily wounded.
The bat hits your bat but does no damage.
Your bat hits the quokka. The bat closely misses your bat.
The quokka bites you.
You die...

####....######.#.###
....................
#######...####.#####
#######.# #.#
####....##.####.#
..#.##.##....#.###
...####.#.##.##........###
.......b#.##..............
#br@##...........##.
#b####...........#.. ....
+.....##......# .....##
#.....#####..## ........
#########...## ......##
#####..### ...... #.....##
...... #.....# .##.....#
####


You could see a quokka (ally target), a bat and 2 friendly bats.

Vanquished Creatures
  A hobgoblin (D:1)
  A frilled lizard (D:1)
2 creatures vanquished.

Vanquished Creatures (collateral kills)
  A hobgoblin (D:1)
  A bat (D:1)
  A kobold (D:1)
3 creatures vanquished.

Grand Total: 5 creatures vanquished

Notes
Turn   | Place    | Note
-------+----------+-------------------------------------------
     0 | D:1      | hikkokomori the Demigod Summoner began the quest for the
                  | Orb.
     0 | D:1      | Reached XP level 1. HP: 14/14 MP: 5/5
   202 | D:1      | Slain by a quokka

Illustrated notes

Levels and vault maps discovered:
D:1:      tarquinn_simple_flora_water_a, layout_basic

Action                   || total
-------------------------++-------
Melee: Short sword       ||    11
       Unarmed           ||     5
 Cast: Summon Small Mamm ||     4
Armor: Robe              ||    13
Dodge: Dodged            ||    25

Table legend: (Time is in decaauts)
 A = Elapsed time spent in this place.
 B = Non-inter-level travel time spent in this place.
 C = Inter-level travel time spent in this place.
 D = Time resting spent in this place.
 E = Time spent auto-exploring this place.
 F = Levels seen in this place.
 G = Mean time per level.
                   A        B        C        D        E       F      G
               +--------+--------+--------+--------+--------+-----+--------+
         Total |    201 |    195 |      6 |      0 |    133 |   1 |  201.0 |
       Dungeon |    201 |    195 |      6 |      0 |    133 |   1 |  201.0 |
               +--------+--------+--------+--------+--------+-----+--------+

Top non-repeatable levels by time:
     D:1: 201 daAuts
